 Dungeon Crawl Stone Soup version 0.31-a0-1-g4198be8af4 (webtiles) character file.

Game seed: 10811480553817784284

716 NotreDorf the Trooper (level 7, -1/56 HPs)
             Began as a Mummy Delver on May 1, 2023.
             Was a Priest of Makhleb.
             Slain by a steam dragon (7 damage)
             ... on level 6 of the Dungeon.
             The game lasted 00:12:36 (4622 turns).

NotreDorf the Trooper (Mummy Delver)                Turns: 4622, Time: 00:12:36

Health: -1/56      AC:  6    Str: 18    XL:     7   Next: 41%
Magic:  13/13      EV: 12    Int:  9    God:    Makhleb [***...]
Gold:   273        SH:  0    Dex: 16    Spells: 14/14 levels left

rFire   . . .        r - +3 mace of War {pain, Dex+3}
rCold   + . .        (no shield)
rNeg    + + +        m - +2 leather armour {rF+}
rPois   ∞            (no helmet)
rElec   .            (no cloak)
rCorr   .            b - +0 pair of gloves
SInv    +            (no boots)
Will    .....        (no amulet)
Stlth   +++          g - ring of see invisible
HPRegen 0.29/turn    (no ring)
MPRegen 0.13/turn

%: faith
@: no status effects
A: cold resistance 1, negative energy resistance 3, torment resistance 2, heat
vulnerability 1, in touch with death 1, no potions, faith
a: Renounce Religion, Minor Destruction, Lesser Servant of Makhleb


You were on level 6 of the Dungeon.
You worshipped Makhleb.
Makhleb was most pleased with you.
You visited 1 branch of the dungeon, and saw 6 of its levels.

You collected 273 gold pieces.

Inventory:

Hand Weapons
 r - the +3 mace of War (weapon) {pain, Dex+3}
   (You found it on level 3 of the Dungeon)

   Dex:       It affects your dexterity (+3).
Missiles
 n - 54 stones (quivered)
Armour
 b - a +0 pair of gloves (worn)
 m - a +2 leather armour of fire resistance (worn)
Jewellery
 g - a ring of see invisible (left hand)
Wands
 f - a wand of digging (3)
Scrolls
 a - 2 scrolls of noise {unknown}
 c - 5 scrolls of fog
 d - a scroll of magic mapping
 e - a scroll of amnesia {unknown}
 h - 2 scrolls of enchant armour {unknown}
 j - a scroll of brand weapon {unknown}
 k - 2 scrolls of silence {unknown}
 l - a scroll of enchant weapon {unknown}
 o - a scroll of vulnerability {unknown}
 p - a scroll of blinking {unknown}
 q - a scroll of identify {unknown}


   Skills:
 + Level 5.1 Fighting
 + Level 3.8 Maces & Flails
 - Level 1.5 Dodging
 - Level 4.2 Stealth
 - Level 4.2 Spellcasting
 + Level 2.4 Necromancy
 + Level 1.3 Invocations
 + Level 1.2 Evocations


You had 14 spell levels left.
You didn't know any spells.
Your spell library was empty.

Dungeon Overview and Level Annotations

Branches:
Dungeon (6/15)
 Temple: D:4-7

Altars:
Ashenzari
Fedhas
Makhleb
Okawaru
Qazlal
Vehumet


Innate Abilities, Weirdness & Mutations

You are immune to poison.
Your flesh is cold resistant. (rC+)
You are immune to negative energy. (rN+++)
You are immune to unholy pain and torment.
You are vulnerable to heat. (rF-)
You are in touch with the powers of death.
You do not drink.
You have a special connection with the divine. (Faith)


Message History

You closely miss the hound.
The hound is moderately wounded.
The hound bites you. x2
You hit the hound.
The hound writhes in agony.
The hound is heavily wounded.
The hound closely misses you. The hound completely misses you.
You closely miss the hound.
The hound is heavily wounded.
The hound barely misses you. The hound bites you.
You hit the hound.
The hound writhes in agony.
The hound is almost dead.
The hound barely misses you.
You hit the hound.
The hound writhes in agony.
You kill the hound!
Makhleb accepts your kill.
You feel better. The steam dragon breathes steam at you.
The ball of steam hits the orc wizard!
The ball of steam hits you!
The orc throws a boomerang.
The boomerang barely misses the orc wizard.
The boomerang misses you.
You hit the orc wizard but do no damage.
The orc wizard is almost dead.
You are engulfed in a cloud of scalding steam.
The orc wizard is engulfed in a cloud of scalding steam.
The orc wizard dies!
Unknown command.
You are engulfed in a cloud of scalding steam.
* * * LOW HITPOINT WARNING * * *
The orc is engulfed in a cloud of scalding steam.
The orc dies!
The steam dragon closely misses you. The steam dragon claws you.
* * * LOW HITPOINT WARNING * * *
Items here: )) [ ††.
You hit the steam dragon.
The steam dragon writhes in agony.
The steam dragon is lightly wounded.
You are engulfed in a cloud of scalding steam.
* * * LOW HITPOINT WARNING * * *
The steam dragon bites you!
You die...

. .. #.....
#).############
.......
#............§#####
$......
##......##..§@D##
.......
##<###.######§.###
.oo.... #.# ###
##...##..D.... #.#
###...#...... #.#
###........ #.#
##....... #.#
.?..... #.# .......
#.. ##.....


You could see a steam dragon (catching breath).

Vanquished Creatures
  A black bear (D:5)
  3 scorpions
  3 orc priests (D:3)
  2 hounds
  3 iguanas
  7 adders
  7 gnolls
  2 worms (D:2)
  4 dart slugs
  8 orcs
  6 bats
  9 endoplasms
  2 giant cockroaches
  2 goblins
  6 hobgoblins
  A quokka (D:2)
  8 ball pythons
  7 frilled lizards
  6 kobolds
  11 rats
98 creatures vanquished.

Vanquished Creatures (others)
  An orc wizard (D:6)
  An orc (D:6)
2 creatures vanquished.

Grand Total: 100 creatures vanquished

Notes
Turn   | Place    | Note
-------+----------+-------------------------------------------
     0 | D:5      | NotreDorf the Mummy Delver began the quest for the Orb.
     0 | D:5      | Reached XP level 1. HP: 18/18 MP: 1/1
    90 | D:3      | Found a burning altar of Makhleb.
   103 | D:3      | Became a worshipper of Makhleb the Destroyer
   177 | D:2      | Reached skill level 1 in Spellcasting
   177 | D:2      | Reached XP level 2. HP: 11/24 MP: 1/3
   353 | D:1      | Gained mutation: You are in touch with the powers of death.
                  | [Mummy growth]
   353 | D:1      | Reached XP level 3. HP: 16/29 MP: 3/5
   477 | D:1      | Reached * piety under Makhleb
  1520 | D:2      | Reached XP level 4. HP: 36/36 MP: 7/7
  1630 | D:2      | Reached ** piety under Makhleb
  2249 | D:3      | Reached skill level 4 in Fighting
  2377 | D:3      | Reached XP level 5. HP: 17/42 MP: 9/9
  2378 | D:3      | Identified the +3 mace of War {pain, Dex+3}
  2773 | D:3      | Found an iron altar of Okawaru.
  2933 | D:4      | Reached XP level 6. HP: 46/49 MP: 11/11
  3184 | D:4      | Reached skill level 1 in Necromancy
  3835 | D:4      | Reached *** piety under Makhleb
  4192 | D:5      | Reached skill level 5 in Fighting
  4192 | D:5      | Reached XP level 7. HP: 27/56 MP: 13/13
  4368 | D:5      | Found a blossoming altar of Fedhas.
  4454 | D:5      | Reached skill level 1 in Invocations
  4454 | D:5      | Reached skill level 1 in Evocations
  4485 | D:5      | Found a stormy altar of Qazlal.
  4485 | D:5      | Found a broken altar of Ashenzari.
  4540 | D:5      | Found a radiant altar of Vehumet.
  4598 | D:6      | Noticed a steam dragon
  4622 | D:6      | Slain by a steam dragon

Illustrated notes

Levels and vault maps discovered:
D:1:      onia_arrival_handbag, layout_loops_corners, columned_hall_lemuel
D:2:      layout_loops_ring
D:3:      layout_loops_cross, okawaru_gym_becter, bloody_makhleb,
          grunt_ministairs_15
D:4:      layout_basic, mainiacjoe_overflow_alcove_2
D:5:      layout_rooms, mainiacjoe_overflow_tiny_flanked,
          nicolae_vehumet_altar_sigil, gammafunk_temple_overflow_pools,
          hangedman_decor_riveting
D:6:      layout_rooms, led_sif_book, trog_wizard, ebering_ghost_sewer_f,
          chequers_arboretum

Skill      XL: |  1  2  3  4  5  6  7 |
---------------+----------------------+-----
Spellcasting   | 1 2 3 4 |  4.2
Maces & Flails | 2 3 |  3.8
Fighting       | 4 5 |  5.1
Necromancy     | 2 |  2.4
Invocations    | 1 |  1.3
Evocations     | 1 |  1.2
Dodging        | |  1.5
Stealth        | |  4.2

Action                     |  1- 3 |  4- 6 |  7- 9 || total
---------------------------+-------+-------+-------++-------
  Melee: Mace              |   117 |   185 |    29 ||   331
         Punch             |     1 |     1 |     2 ||     4
  Throw: Stone             |       |     1 |       ||     1
 Invoke: Minor Destruction |       |     1 |       ||     1
    Use: Scroll            |       |     1 |       ||     1
   Stab: Sleeping          |    14 |    10 |     1 ||    25
 Armour: Leather armour    |    31 |    50 |     7 ||    88
  Dodge: Dodged            |    59 |   124 |    26 ||   209

Table legend: (Time is in decaauts)
 A = Elapsed time spent in this place.
 B = Non-inter-level travel time spent in this place.
 C = Inter-level travel time spent in this place.
 D = Time resting spent in this place.
 E = Time spent auto-exploring this place.
 F = Levels seen in this place.
 G = Mean time per level.
                   A        B        C        D        E       F      G
               +--------+--------+--------+--------+--------+-----+--------+
         Total |   4708 |   4519 |    189 |    446 |   3114 |   6 |  784.7 |
       Dungeon |   4708 |   4519 |    189 |    446 |   3114 |   6 |  784.7 |
               +--------+--------+--------+--------+--------+-----+--------+

Top non-repeatable levels by time:
     D:4: 1164 daAuts
     D:3: 1094 daAuts
     D:2: 988 daAuts
     D:1: 986 daAuts
     D:5: 421 daAuts
     D:6: 52 daAuts
